 Dungeon Crawl Stone Soup version 0.21.1-1-g345015f (webtiles) character file.

7 tidbits the Grave Robber (level 2, -1/19 HPs)
             Began as a Gnoll Necromancer on June 16, 2018.
             Slain by a goblin
             ... wielding a cursed +0 club
              (2 damage)
             ... on level 2 of the Dungeon.
             The game lasted 00:01:15 (126 turns).

tidbits the Grave Robber (Gnoll Necromancer)         Turns: 126, Time: 00:01:16

Health: -1/19      AC:  2    Str: 10    XL:     2   Next: 4%
Magic:  0/7        EV: 14    Int: 17    God:
Gold:   24         SH:  0    Dex: 15    Spells: 9/10 levels left

rFire    . . .     SeeInvis .   (no weapon)
rCold    . . .     Gourm    .   (no shield)
rNeg     . . .     Faith    .   a - +0 robe
rPois    .         Spirit   .   (no helmet)
rElec    .         Reflect  .   (no cloak)
rCorr    .         Harm     .   (no gloves)
MR       .....                  (no boots)
Stlth    +++.......             (no amulet)
HPRegen  0.06/turn              (no ring)
MPRegen  0.10/turn              (no ring)

@: no status effects
A: distributed training, fangs 1, strong nose
a: no special abilities


You were on level 2 of the Dungeon.
You were not hungry.

You visited 1 branch of the dungeon, and saw 3 of its levels.

You collected 24 gold pieces.

Inventory:

Armour
 a - a +0 robe (worn)
Scrolls
 d - a scroll of identify {unknown}
 e - a scroll of noise {unknown}
 g - a scroll of teleportation {unknown}
 h - a scroll of remove curse {unknown}
Potions
 f - a potion of mutation {unknown}
Books
 b - a book of Necromancy

   Spells                             Type                      Level
   a - Pain                           Necromancy                   1
   b - Animate Skeleton               Necromancy                   1
   c - Vampiric Draining              Necromancy                   3
   d - Regeneration                   Charms/Necromancy            3
   e - Animate Dead                   Necromancy                   4
   f - Borgnjor's Vile Clutch         Necromancy/Earth             5
Comestibles
 c - 2 rations


   Skills:
 + Level 0.2 Fighting
 + Level 0.2 Short Blades
 + Level 0.2 Long Blades
 + Level 0.2 Axes
 + Level 0.2 Maces & Flails
 + Level 0.2 Polearms
 + Level 0.2 Staves
 + Level 0.2 Slings
 + Level 0.2 Bows
 + Level 0.2 Crossbows
 + Level 0.2 Throwing
 + Level 0.2 Armour
 + Level 4.4 Dodging
 + Level 4.0 Stealth
 + Level 0.2 Shields
 + Level 0.2 Unarmed Combat
 + Level 4.9 Spellcasting
 + Level 0.1 Conjurations
 + Level 0.1 Hexes
 + Level 0.1 Charms
 + Level 0.1 Summonings
 + Level 7.0 Necromancy
 + Level 0.1 Translocations
 + Level 0.1 Transmutations
 + Level 0.1 Fire Magic
 + Level 0.1 Ice Magic
 + Level 0.1 Air Magic
 + Level 0.1 Earth Magic
 + Level 0.1 Poison Magic
 + Level 0.3 Invocations
 + Level 0.2 Evocations


You had 9 spell levels left.
You knew the following spells:

 Your Spells              Type           Power        Failure   Level  Hunger
a - Pain                  Necr           ####         1%          1    None


Dungeon Overview and Level Annotations

Branches:
Dungeon (3/15)

Altars:


Innate Abilities, Weirdness & Mutations

Your experience applies equally to all skills.
You have very sharp teeth.
Your uncanny sense of smell can sniff out nearby items.


Message History

The giant cockroach writhes in agony!
You kill the giant cockroach!
You see here a metallic cyan potion.
f - a metallic cyan potion
Found a stone staircase leading down.
You see here a ration.
c - 2 rations (gained 1)
You open the door.
Found a leather armour.
There is a stone staircase leading down here.
You climb downwards.
A rat comes into view.
Found a scroll labeled GIECACVOOS and a scroll labeled GAT FIASTYCI.
There is a stone staircase leading up here.
A rat comes into view.
Casting: Pain
Confirm with . or Enter, or press ? or * to list all spells.
Aiming: Pain
Press: ? - help, Shift-Dir - straight line, f - rat
Aim: a rat (resting, chance to defeat MR: 93%)
The rat writhes in agony!
You kill the rat!
You see here a scroll labeled GIECACVOOS.
Casting: Pain
Confirm with . or Enter, or press ? or * to list all spells.
Aiming: Pain
Press: ? - help, Shift-Dir - straight line, f - rat
Aim: a rat (chance to defeat MR: 93%)
The rat writhes in agony!
You kill the rat!
g - a scroll labeled GIECACVOOS
Found a stone staircase leading up.
You see here a scroll labeled GAT FIASTYCI.
h - a scroll labeled GAT FIASTYCI A bat and an orc come into view.
The orc shouts!
You hear a shout! x2
The bat moves out of view.
Unknown command.
Casting: Pain
Confirm with . or Enter, or press ? or * to list all spells.
Aiming: Pain
Press: ? - help, Shift-Dir - straight line, f - orc
Aim: an orc, wielding a club (chance to defeat MR: 93%)
The orc writhes in agony!
Casting: Pain
Confirm with . or Enter, or press ? or * to list all spells.
Aiming: Pain
Press: ? - help, Shift-Dir - straight line, f/p - orc
Aim: an orc, wielding a club (lightly wounded, chance to defeat MR: 93%)
The orc writhes in agony!
Casting: Pain
Confirm with . or Enter, or press ? or * to list all spells.
Aiming: Pain
Press: ? - help, Shift-Dir - straight line, f/p - orc
Aim: an orc, wielding a club (moderately wounded, chance to defeat MR: 93%)
The orc writhes in agony!
You kill the orc!
You have reached level 2!
The bat barely misses you. The bat completely misses you.
The bat closely misses you.
Found 5 tomahawks.
A kobold comes into view. It is wielding a club.
A ball python, an ooze and 2 kobolds come into view.
The bat hits you but does no damage.
The ooze moves out of view.
The ball python moves out of view.
The bat hits you but does no damage.
Things that are here:
a club; an orc corpse The bat barely misses you.
The kobold throws a stone.
The stone hits you but does no damage. The bat misses you.
You see here a stone.
A quokka comes into view.
The bat closely misses you.
The kobold throws a stone.
The stone misses you.
Found a stone.
An adder comes into view.
A hobgoblin comes into view.
The bat closely misses you. The kobold barely misses you.
The kobold throws a stone.
The stone barely misses you.
There is a stone staircase leading up here.
You see here a stone.
The bat hits you.
* * * LOW HITPOINT WARNING * * *
The kobold hits you.
* * * LOW HITPOINT WARNING * * *
You climb upwards.
The kobold shouts!
The goblin shouts!
The kobold throws a stone.
The stone completely misses you. The goblin hits you with a club.
* * * LOW HITPOINT WARNING * * *
There is a stone staircase leading down, spattered with blood here.
Unknown command.
Casting: Pain
Confirm with . or Enter, or press ? or * to list all spells.
Aiming: Pain
Press: ? - help, Shift-Dir - straight line, f - kobold
Aim: a kobold (chance to defeat MR: 93%)
The kobold writhes in agony!
You kill the kobold!
The goblin hits you with a club.
You die...

#.....#
#.K...#
####+##.....#
#.....#..[..#
#.....#.....#
#.....#.....+
#.....'.....#
#...>.#.†@..#
#.....#.g...#
#.....#######
#.....#####
#.........#
#.....#...#
###..#.#..##
#.#._.#..####
#..#.#..(....


You could see a goblin and a kobold.

Vanquished Creatures
  An orc (D:3)
  2 giant cockroaches (D:2)
  A kobold (D:2)
  3 rats
7 creatures vanquished.

Notes
Turn   | Place    | Note
-------+----------+-------------------------------------------
     0 | D:1      | tidbits the Gnoll Necromancer began the quest for the Orb.
     0 | D:1      | Reached XP level 1. HP: 13/13 MP: 6/6
    70 | D:1      | You fall through a shaft!
    79 | D:2      | Found a faded altar of an unknown god.
   117 | D:3      | Reached XP level 2. HP: 8/19 MP: 0/7
   126 | D:2      | Slain by a goblin

Action                   || total
-------------------------++-------
 Cast: Pain              ||    12
Armor: Robe              ||     2
Dodge: Dodged            ||    11

Table legend:
 A = Turns spent in this place as a percentage of turns spent in the entire game.
 B = Non-inter-level travel turns spent in this place as a percentage of non-inter-level travel turns spent in the entire game.
 C = Inter-level travel turns spent in this place as a percentage of turns spent in this place.
 D = Turns resting spent in this place as a percentage of non-inter-level travel turns spent in this place.
 E = Turns spent auto-exploring this place as a percentage of non-inter-level travel turns spent in this place.
 F = Non-inter-level travel turns spent in this place divided by the number of levels of this place that you've seen.
                   A       B       C       D       E      F
               +-------+-------+-------+-------+-------+----------------------
         Total | 100.0 | 100.0 |   0.0 |   0.0 |   0.0 |  42.0
       Dungeon | 100.0 | 100.0 |   0.0 |   0.0 |   0.0 |  42.0
               +-------+-------+-------+-------+-------+----------------------

Table legend:
 A = Kills in this place as a percentage of kills in entire the game.
 B = Kills by you in this place as a percentage of kills by you in the entire game.
 C = Kills by friends in this place as a percentage of kills by friends in the entire game.
 D = Other kills in this place as a percentage of other kills in the entire game.
 E = Experience gained in this place as a percentage of experience gained in the entire game.
 F = Experience gained in this place divided by the number of levels of this place that you have seen.
                   A       B       C       D       E      F
               +-------+-------+-------+-------+-------+----------------------
         Total | 100.0 | 100.0 |   N/A |   N/A | 100.0 |   3.7
       Dungeon | 100.0 | 100.0 |   N/A |   N/A | 100.0 |   3.7
               +-------+-------+-------+-------+-------+----------------------

Vault maps used:
D:1:      dpeg_arrival_simpleton_c
D:2:      first_ration, chequers_ecumenical_altar_simple_redux,
          uniq_crazy_yiuf_cottage, uniq_terence
D:3:      uniq_sigmund, uniq_natasha, uniq_jessica
